 Dungeon Crawl Stone Soup version 0.29-a0-344-ge2f44be95a (webtiles) character file.

Game seed: 1565072669141735666

567 sammy202020 the Chopper (level 7, -3/96 HPs)
             Began as a Minotaur Berserker on Apr 22, 2022.
             Was a Priest of Trog.
             Slain by Blork the orc
             ... wielding a +0 glaive
              (12 damage)
             ... on level 5 of the Dungeon.
             The game lasted 00:08:44 (3952 turns).

sammy202020 the Chopper (Minotaur Berserker)        Turns: 3952, Time: 00:08:45

Health: -3/96      AC:  7    Str: 21    XL:     7   Next: 11%
Magic:  6/6        EV: 11    Int:  6    God:    Trog [***...]
Gold:   196        SH:  0    Dex: 10    Spells: 6/6 levels left

rFire   . . .      SeeInvis .   g - +1 hand axe (vorpal)
rCold   . . .      Faith    .   (no shield)
rNeg    . . .      Spirit   .   c - +1 ring mail
rPois   .          Reflect  .   (helmet restricted)
rElec   .          Harm     .   (no cloak)
rCorr   .          Rampage  .   (no gloves)
Will    .....                   (no boots)
Stlth   ..........              (no amulet)
HPRegen 0.26/turn               (no ring)
MPRegen 0.10/turn               (no ring)

@: berserking, very quick
A: horns 2, retaliatory headbutt
a: Renounce Religion, Berserk, Trog's Hand


You were on level 5 of the Dungeon.
You worshipped Trog.
Trog was most pleased with you.
You visited 1 branch of the dungeon, and saw 5 of its levels.

You collected 196 gold pieces.

Inventory:

Hand Weapons
 b - a +0 shortbow
 g - a +1 vorpal hand axe (weapon)
 q - a +0 flail
Missiles
 e - 4 curare-tipped darts
 l - 4 boomerangs (quivered)
Armour
 c - a +1 ring mail (worn)
Jewellery
 n - a ring of fire
Scrolls
 d - a scroll of fog
 h - a scroll of blinking {unknown}
 i - a scroll of holy word
 j - 3 scrolls of summoning
 m - 2 scrolls of amnesia
Potions
 a - 2 potions of berserk rage
 f - a potion of brilliance {unknown}
 k - 2 potions of ambrosia
 o - 2 potions of heal wounds
 p - 4 potions of curing


   Skills:
 * Level 6.7 Fighting
 * Level 6.8 Axes
 + Level 4.6 Armour
 - Level 2.1 Dodging


You had 6 spell levels left.
You didn't know any spells.
Your spell library was empty.

Dungeon Overview and Level Annotations

Branches:
Dungeon (5/15)             Temple (0/1) D:4

Altars:

Annotations:
D:5 Blork the orc


Innate Abilities, Weirdness & Mutations

You have a pair of horns on your head.
You reflexively headbutt those who attack you in melee.


Message History

Eustachio is heavily wounded.
You closely miss the quasit. The orc warrior blocks your attack.
Blork the orc closely misses you. The gnoll sergeant barely misses you.
The orc warrior hits you with a +0 falchion!
* * * LOW HITPOINT WARNING * * *
Eustachio hits you with a +0 rapier.
* * * LOW HITPOINT WARNING * * *
You closely miss Eustachio.
Eustachio is heavily wounded.
You slash the quasit! You barely miss the orc warrior.
The quasit barely misses you.
The quasit claws you but does no damage. x2
Blork the orc barely misses you.
You closely miss Eustachio.
Eustachio is heavily wounded.
You slash the quasit!
You kill the quasit!
The quasit disappears in a puff of smoke!
You hit the orc warrior but do no damage.
Blork the orc hits you from afar with a +0 glaive!
* * * LOW HITPOINT WARNING * * *
The orc warrior hits you with a +0 falchion.
* * * LOW HITPOINT WARNING * * *
The gnoll sergeant hits you from afar with a +0 trident.
* * * LOW HITPOINT WARNING * * *
Eustachio misses you.
You slash Eustachio!
Eustachio is almost dead.
You barely miss the orc warrior.
Blork the orc hits you but does no damage.
You barely miss Eustachio. You headbutt Eustachio!
You kill Eustachio!
Trog accepts your kill.
Trog appreciates your killing of a magic user.
The white imp disappears in a puff of smoke! x2
You hit the orc warrior but do no damage.
The orc warrior barely misses you.
The gnoll sergeant hits you but does no damage.
Blork the orc hits you from afar with a +0 glaive!
You die...

###.# #.#
#.....##.####..#
......<<..?....
###.####.####..#
............#..
###..#.........#
.......).......#
###...g..##....#
#..#oo@# ....#
#.....§)§.....
#.............
...............
##...###..#...##
#...#)#......#
#...###.)....#
#........#...#


You could see Blork the orc (fast), an orc warrior and a gnoll sergeant.

Vanquished Creatures
  Eustachio (D:5)
  A phantom (D:4)
  2 scorpions (D:4)
  A necrophage (D:3)
  An orc priest (D:3)
  2 hounds (D:4)
  An iguana (D:4)
  2 orc wizards
  4 gnolls (D:3)
  3 adders
  A worm (D:2)
  A dart slug (D:1)
  8 orcs
  7 bats
  6 endoplasms
  A giant cockroach (D:1)
  8 goblins
  4 hobgoblins
  5 jackals
  8 kobolds
  2 quokkas
  7 ball pythons
  4 frilled lizards
  7 rats
87 creatures vanquished.

Notes
Turn   | Place    | Note
-------+----------+-------------------------------------------
     0 | D:1      | sammy202020 the Minotaur Berserker began the quest for the
                  | Orb.
     0 | D:1      | Reached XP level 1. HP: 19/19 MP: 0/0
   430 | D:1      | Reached XP level 2. HP: 27/27 MP: 1/1
   883 | D:1      | Reached XP level 3. HP: 33/33 MP: 2/2
   970 | D:2      | Reached ** piety under Trog
  1746 | D:3      | Reached XP level 4. HP: 8/41 MP: 3/3
  2274 | D:3      | Noticed a necrophage
  2283 | D:3      | Reached skill level 5 in Axes
  2285 | D:3      | Killed a necrophage
  2286 | D:3      | Reached skill level 5 in Fighting
  2286 | D:3      | Reached XP level 5. HP: 29/48 MP: 4/4
  2603 | D:3      | Found a faded altar of an unknown god.
  2813 | D:4      | Reached *** piety under Trog
  2900 | D:4      | Noticed a phantom
  2911 | D:4      | Killed a phantom
  2912 | D:4      | Reached XP level 6. HP: 35/57 MP: 5/5
  3029 | D:4      | Found a staircase to the Ecumenical Temple.
  3512 | D:4      | Reached XP level 7. HP: 56/64 MP: 6/6
  3935 | D:5      | Entered Level 5 of the Dungeon
  3936 | D:5      | Noticed Eustachio
  3936 | D:5      | Noticed Blork the orc
  3952 | D:5      | Killed Eustachio
  3952 | D:5      | Slain by Blork the orc

Illustrated notes

Levels and vault maps discovered:
D:1:      minmay_arrival_hallway, layout_basic
D:2:      layout_rooms, chequers_serial_rivers_small_a
D:3:      layout_basic, ebering_ecumenical_altar_hall
D:4:      layout_gridville, minmay_temple_entry_glassed_door, minmay_pentangle
D:5:      wad_crossroads, layout_basic, sword_in_stone

Skill      XL: |  1  2  3  4  5 |
---------------+----------------+-----
Axes           | 4 5 6 |  6.8
Fighting       | 4 5 6 |  6.7
Armour         | 3 4 |  4.6
Dodging        | |  2.1

Action                   |  1- 3 |  4- 6 |  7- 9 || total
-------------------------+-------+-------+-------++-------
Melee: Hand axe          |   103 |    85 |    13 ||   201
       Headbutt          |    12 |    17 |     3 ||    32
       Punch             |       |     1 |       ||     1
Invok: Berserk           |     1 |     1 |     1 ||     3
       Trog's Hand       |       |     1 |       ||     1
  Use: Scroll            |     8 |     5 |       ||    13
Armor: Animal skin       |     1 |       |       ||     1
       Ring mail         |    36 |    37 |     6 ||    79
Dodge: Dodged            |    61 |    57 |    15 ||   133

Table legend: (Time is in decaauts)
 A = Elapsed time spent in this place.
 B = Non-inter-level travel time spent in this place.
 C = Inter-level travel time spent in this place.
 D = Time resting spent in this place.
 E = Time spent auto-exploring this place.
 F = Levels seen in this place.
 G = Mean time per level.
                   A        B        C        D        E       F      G
               +--------+--------+--------+--------+--------+-----+--------+
         Total |   3980 |   3776 |    204 |    646 |   2584 |   5 |  796.0 |
       Dungeon |   3980 |   3776 |    204 |    646 |   2584 |   5 |  796.0 |
               +--------+--------+--------+--------+--------+-----+--------+

Top non-repeatable levels by time:
     D:4: 1220 daAuts
     D:3: 1175 daAuts
     D:1: 979 daAuts
     D:2: 590 daAuts
     D:5: 14 daAuts
